 Dungeon Crawl Stone Soup version 0.31.0-11-ge490571c62 (webtiles) character file.

Game seed: 5956395283898114526

1072 mandarbmax the Skirmisher (level 8, 0/56 HPs)
             Began as a Formicid Hunter on Jan 28, 2024.
             Slain by Fodor's ghost (15 damage)
             ... on level 4 of the Dungeon.
             The game lasted 00:17:03 (4842 turns).

mandarbmax the Skirmisher (Formicid Hunter)         Turns: 4842, Time: 00:17:03

Health: 0/56       AC:  5    Str: 20    XL:     8   Next: 53%
Magic:  8/8        EV: 12    Int: 10    God:
Gold:   233        SH:  0    Dex: 22    Spells: 7/7 levels left

rFire   . . .        a - +0 shortbow
rCold   . . .        (no shield)
rNeg    . . .        n - +0 leather armour of the Mind {Str+3 Dex+5}
rPois   .            (helmet unavailable)
rElec   .            l - +0 cloak
rCorr   .            j - +0 pair of gloves
SInv    +            (no boots)
Will    .....        (no amulet)
Stlth   ++           (no ring)
HPRegen 0.29/turn    (no ring)
MPRegen 0.11/turn

%: no passive effects
@: mighty, brilliant, invisible
A: permanent stasis, dig shafts and tunnels, antennae 3, four strong arms
a: Dig, Shaft Self


You were on level 4 of the Dungeon.
You visited 1 branch of the dungeon, and saw 4 of its levels.
You also visited: Ossuary.

You collected 233 gold pieces.

Inventory:

Hand Weapons
 a - a +0 shortbow (weapon)
 y - the +5 Lochaber axe {reach-cleave, Poleaxe ^Drain}
   (You found it on level 4 of the Dungeon)

   Poleaxe:   It uses either Axes or Polearms skill, whichever is higher.
   ^Drain:    It drains your maximum health when unequipped.
Missiles
 f - 2 throwing nets
Armour
 j - a +0 pair of gloves (worn)
 l - a +0 cloak (worn)
 n - the +0 leather armour of the Mind (worn) {Str+3 Dex+5}
   (You found it on level 3 of the Dungeon)

   Str+3:     It affects your strength (+3).
   Dex+5:     It affects your dexterity (+5).
Wands
 g - a wand of digging (2)
 o - a wand of charming (8)
Scrolls
 b - a scroll of butterflies
 d - a scroll of enchant weapon {unknown}
 h - a scroll of vulnerability {unknown}
 k - a scroll of immolation {unknown}
 q - a scroll of summoning {unknown}
 r - a scroll of enchant armour {unknown}
 s - a scroll of noise {unknown}
Potions
 m - 2 potions of curing
 p - a potion of might
 t - a potion of enlightenment {unknown}
 u - a potion of cancellation {unknown}
 v - a potion of attraction {unknown}
 w - a potion of haste
 x - a potion of brilliance
 z - a potion of mutation {unknown}


   Skills:
 - Level 2.1 Fighting
 + Level 2.5 Polearms
 - Level 9.9 Ranged Weapons
 - Level 2.0 Dodging
 - Level 1.2 Stealth


You had 7 spell levels left.
You didn't know any spells.
Your spell library contained the following spells:

 Spells                   Type           Power      Damage    Failure   Level
 Shock                    Conj/Air       0%         1d3       41%         1
 Summon Small Mammal      Summ           0%         N/A       41%         1
 Call Canine Familiar     Summ           0%         N/A       80%         3
 Tukima's Dance           Hex            0%         N/A       80%         3
 Airstrike                Air            0%         2d(0-16)  99%         4
 Passage of Golubria      Tloc           0%         N/A       99%         4
 Summon Blazeheart Golem  Fire/Summ      0%         N/A       99%         4
 Yara's Violent Unravell  Hex/Alch       0%         3d3       100%        5
 Swiftness                Air            Unusable   N/A       N/A         3

Dungeon Overview and Level Annotations

Branches:
Dungeon (4/15)            Ossuary (visited)
 Temple: D:4-7

Altars:
Hepliaklqana
Nemelex Xobeh

Shops:
D:4 :[=:*

Annotations:
D:4 1 transporter, Fodor's ghost, amateur MiFi


Innate Abilities, Weirdness & Mutations

You cannot be hasted, slowed, berserked, paralysed or teleported.
You can dig through walls and to a lower floor.
You have a pair of large antennae on your head. (SInv)
Your four strong arms can wield two-handed weapons with a shield.


Message History

* * * LOW HITPOINT WARNING * * *
The gnoll zaps a wand.
Your will is overpowered!
You are confused.
Unknown command.
Unknown command.
Non-targeted confused fire: a) +0 shortbow
Press: ? - help, Q - select action, (/) - cycle Dir - look around, f - activate Look: a gnoll bouda, wielding a +0 club, wearing a +0 leather armour and wearing a ring of resist corrosion (unable to see you)
You shoot an arrow. The gnoll is no longer moving quickly.
The gnoll bouda closely misses you. The gnoll barely misses you.
The gnoll hits you but does no damage.
Unknown command.
Non-targeted confused fire: a) +0 shortbow
Press: ? - help, Q - select action, (/) - cycle Dir - look around, f - activate You shoot an arrow.
The arrow hits the gnoll bouda!
The gnoll bouda is moderately wounded.
The gnoll hits you from afar with a +0 spear.
* * * LOW HITPOINT WARNING * * *
The gnoll bouda misses you. The gnoll closely misses you.
Unknown command.
Okay, then.
Okay, then.
Non-targeted confused fire: a) +0 shortbow
Press: ? - help, Q - select action, (/) - cycle Dir - look around, f - activate
Okay, then.
The gnoll is no longer moving quickly.
There is a fountain of clear blue water here.
You feel better. Fodor's ghost hits you.
* * * LOW HITPOINT WARNING * * *
It was a potion of berserk rage.
Your stasis prevents you from going berserk.
The gnoll zaps a wand.
The gnoll is charmed!
The gnoll closely misses you.
Fire: a) +0 shortbow
Press: ? - help, Q - select action, (/) - cycle Shift-Dir - straight line, f - gnoll
Aim: a gnoll, wielding a +0 spear and carrying a wand of mindburst (control wrested from you, unable to see you, 71% to hit)
You shoot an arrow. The arrow hits the gnoll.
The gnoll is heavily wounded.
The gnoll is no longer moving quickly.
The gnoll zaps a wand.
The gnoll bouda is charmed!
Fodor's ghost hits you!
You die...

#..≈≈≈≈≈≈≈≈≈≈≈≈~≈≈≈≈≈≈≈≈≈≈≈≈...##
#..≈≈≈≈≈≈≈≈≈≈≈≈~≈≈≈≈≈≈≈≈≈≈≈≈.#.##
#..≈≈#####...........#####≈≈.....
#..≈≈#...#.###.©.###.#...#≈≈..###
#..≈≈#...###g#####©###...#≈≈..#
#..≈≈###.....?.... . ..###≈≈..#
#..≈≈.8#.##+###g### #.#8.≈≈..#
#..≈≈.##.#...#.W8# #.##.≈≈..#
#..~~.#..'...ggg@# g.W#.~~..#
#..≈≈.##.#...#.)8# .#.##.≈≈..#
#..≈≈.8#.##+###'######.#8.≈≈.##
#..≈≈###...............###≈≈.#
#.[≈≈#...###.#####.###...#≈≈.#
#..≈≈#...#.###.©.###.#..g#≈≈.#
#..≈≈#####...........#####≈≈.# ##
##.≈≈≈≈≈≈≈≈≈≈≈...≈≈≈≈≈≈≈≈≈≈≈.###.
#.≈≈≈≈≈≈≈≈≈≈≈...≈≈≈≈≈≈≈≈≈≈≈.##..


You could see a gnoll bouda (hexed, unable to see you), Fodor's ghost (unable to
see you) and 3 gnolls.

Vanquished Creatures
  Eustachio (D:4)
  An ogre (D:4)
  An elf zombie (Ossuary)
  A weeping skull (Ossuary)
  Blork the orc (D:4)
  A howler monkey (D:4)
  A centaur zombie (Ossuary)
  A hound (D:4)
  An orc priest (D:4)
  A spectral scorpion (Ossuary)
  4 human zombies (Ossuary)
  Crazy Yiuf (D:2)
  An iguana (D:4)
  Natasha (thrice) (D:3)
  A bullfrog simulacrum (Ossuary)
  2 hound zombies (Ossuary)
  3 mummies (Ossuary)
  Robin (D:4)
  2 gnolls (D:4)
  2 adders
  5 adder zombies (Ossuary)
  4 dart slugs (D:1)
  7 orcs
  4 ball pythons
  A bat (D:2)
  5 endoplasms
  4 giant cockroaches
  7 hobgoblins
  2 quokkas
  6 ball python zombies (Ossuary)
  A gnoll zombie (Ossuary)
  15 goblins
  2 jackal zombies (Ossuary)
  4 kobolds
  4 kobold zombies (Ossuary)
  2 orc zombies (Ossuary)
  2 rats
105 creatures vanquished.

Notes
Turn   | Place    | Note
-------+----------+-------------------------------------------
     0 | D:1      | mandarbmax the Formicid Hunter began the quest for the Orb.
     0 | D:1      | Reached XP level 1. HP: 16/16 MP: 1/1
   126 | D:1      | Reached XP level 2. HP: 22/22 MP: 2/2
   527 | D:1      | Reached XP level 3. HP: 27/27 MP: 3/3
  1233 | D:2      | Reached skill level 5 in Ranged Weapons
  1472 | D:2      | Found a runed translucent door.
  1473 | D:2      | Noticed Crazy Yiuf
  1488 | D:2      | Killed Crazy Yiuf
  1489 | D:2      | Reached XP level 4. HP: 9/33 MP: 4/4
  1660 | D:3      | Identified the +0 leather armour of the Mind {Str+3 Dex+5}
  1855 | D:3      | Noticed Natasha
  1863 | D:3      | Killed Natasha
  1961 | D:3      | Found a hazy altar of Hepliaklqana.
  1980 | D:3      | Noticed Natasha
  1986 | D:3      | Killed Natasha
  1987 | D:3      | Reached skill level 6 in Ranged Weapons
  1987 | D:3      | Reached XP level 5. HP: 36/38 MP: 5/5
  2011 | D:3      | Noticed Natasha
  2015 | D:3      | Killed Natasha
  2446 | D:4      | Noticed Robin
  2446 | D:4      | Noticed Blork the orc
  2638 | D:4      | Killed Blork the orc
  2639 | D:4      | Reached skill level 7 in Ranged Weapons
  2639 | D:4      | Reached XP level 6. HP: 9/44 MP: 6/6
  2646 | D:4      | Killed Robin
  2886 | D:4      | Found Reaga's Elemental Accessories.
  2913 | D:4      | Found a sand-covered staircase.
  2918 | D:4      | Noticed Eustachio
  2976 | D:4      | Killed Eustachio
  2977 | D:4      | Reached skill level 8 in Ranged Weapons
  2977 | D:4      | Reached XP level 7. HP: 28/50 MP: 7/7
  2998 | Ossuary  | Entered an ossuary
  3276 | Ossuary  | Reached skill level 9 in Ranged Weapons
  3500 | Ossuary  | Reached XP level 8. HP: 18/56 MP: 8/8
  3962 | D:4      | Found a sparkling altar of Nemelex Xobeh.
  4044 | D:4      | Found the +5 Lochaber axe {reach-cleave, Poleaxe ^Drain}
  4230 | D:4      | Found a transporter.
  4291 | D:4      | Found a transporter.
  4329 | D:4      | Reached skill level 1 in Polearms
  4623 | D:4      | Found Umnanich's Book Shop.
  4624 | D:4      | Found Gaasuc's Armour Shop.
  4626 | D:4      | Found Gugo's Book Shop.
  4628 | D:4      | Found Baexkaeg's Jewellery Shop.
  4792 | D:4      | Noticed Fodor's ghost (amateur MiFi)
  4842 | D:4      | Slain by Fodor's ghost

Illustrated notes

Levels and vault maps discovered:
D:1:      zaba_arrival_water, layout_basic
D:2:      layout_loops_ring, minmay_misc_feat_encased, uniq_crazy_yiuf_cottage
D:3:      layout_basic, mainiacjoe_overflow_brackets, uniq_natasha
D:4:      minmay_evil_eye, layout_basic, mainiacjoe_overflow_paths,
          gammafunk_ghost_gnarly_gnolls, nicolae_ossuary_entry_monument,
          minmay_shop_grid_forest, nicolae_elemental_shop,
          kennysheep_generic_room_6, uniq_robin, uniq_eustachio,
          uniq_blork_the_orc

Skill      XL: |  1  2  3  4  5  6  7  8 |
---------------+-------------------------+-----
Dodging        | 2 |  2.0
Ranged Weapons | 5 6 7 8 9 |  9.9
Polearms       | 2 |  2.5
Fighting       | |  2.1
Stealth        | |  1.2

Action                     |  1- 3 |  4- 6 |  7- 9 || total
---------------------------+-------+-------+-------++-------
   Fire: Shortbow          |    85 |   130 |   263 ||   478
Ability: Dig               |     1 |       |       ||     1
    Use: Potion            |       |     3 |     7 ||    10
         Scroll            |       |       |     2 ||     2
 Armour: Leather armour    |    10 |    46 |   102 ||   158
         Skin              |       |     5 |       ||     5
  Dodge: Dodged            |    14 |    46 |   108 ||   168
